 Dungeon Sprint DCSS version 0.21.1-1-g345015fe64 (webtiles) character file.

981 Jannitor the Fighter (level 7, -4/64 HPs)
             Began as a Demonspawn Berserker on June 4, 2018.
             Was a Priest of Trog.
             Slain by an ice devil (9 damage)
             ... summoned by a kobold demonologist
             ... in the Dungeon (Sprint I: "Red Sonja").
             The game lasted 00:02:01 (617 turns).

Jannitor the Fighter (Demonspawn Berserker)          Turns: 617, Time: 00:02:01

Health: -4/64      AC:  8    Str: 20    XL:     7   Next: 96%
Magic:  7/7        EV: 15    Int:  8    God:    Trog [***...]
Gold:   147        SH:  0    Dex: 12    Spells: 6/6 levels left

rFire    . . .     SeeInvis .   a - +0 mace
rCold    + . .     Gourm    .   (no shield)
rNeg     . . .     Faith    .   k - +0 ring mail
rPois    .         Spirit   .   (no helmet)
rElec    .         Reflect  .   (no cloak)
rCorr    .         Harm     .   (no gloves)
MR       .....     NoTele   +   (no boots)
Stlth    +.........             (no amulet)
HPRegen  0.20/turn              (no ring)
MPRegen  0.10/turn              (no ring)

@: berserk cooldown, slowed, drained, very slow
A: claws 1, yellow scales 1, cold resistance 1, foul stench 1, rot immunity
a: Berserk, Trog's Hand, Burn Spellbooks, Renounce Religion


You were in the Dungeon.
You worshipped Trog.
Trog was most pleased with you.
You were very hungry.

You visited 1 branch You collected 413 gold pieces.
You spent 266 gold pieces at shops.

Inventory:

Hand Weapons
 a - a +0 mace (weapon)
Armour
 b - a +0 animal skin
 k - a +0 ring mail (worn)
Wands
 j - a wand of polymorph (4)
Scrolls
 i - a scroll of blinking
Potions
 d - a potion of curing
 e - 2 potions of heal wounds
 f - a potion of haste
 g - 2 potions of magic
 h - a potion of berserk rage
 l - a potion of agility
 m - a potion of resistance


   Skills:
 + Level 9.3(8.9) Fighting
 + Level 8.5(8.1) Maces & Flails
 + Level 8.2(7.8) Armour
 + Level 8.2(7.8) Dodging


You had 6 spell levels left.
You didn't know any spells.

Dungeon Overview and Level Annotations

Branches:
Dungeon (1/1)

Altars:
Cheibriados
Dithmenos
Elyvilon
Fedhas
Gozag
Hepliaklqana
Kikubaaqudgha
Makhleb
Nemelex Xobeh
Okawaru
Qazlal
Ru
Sif Muna
Trog
Uskayaw
Vehumet
Wu Jian
Xom
Yredelemnul
Zin
The Shining One
Jiyva
Lugonu

Shops:
D !


Innate Abilities, Weirdness & Mutations

You have sharp fingernails.
You are partially covered in yellow scales. (AC +2)
Your flesh is cold resistant. (rC+)
You may emit foul miasma when damaged in melee.
You are immune to rotting.


Message History

The ice devil hits you but does no damage.
The kobold demonologist completely misses you.
The soul eater hits you!
* * * LOW HITPOINT WARNING * * *
Unknown command.
You feel much better.
The chaos spawn degenerates into a cloud of primal chaos!
The ice devil misses you.
The kobold demonologist barely misses you.
The soul eater misses you.
Unknown command.
You hit the kobold demonologist.
The kobold demonologist is almost dead.
The ice devil hits you!
* * * LOW HITPOINT WARNING * * *
The ice devil freezes you. You resist.
* * * LOW HITPOINT WARNING * * *
The kobold demonologist casts a cantrip, but nothing happens.
The soul eater misses you. The ice devil hits you!
You die...

#####################
))..#..'..#__#.3@K§.#
.#..').#..'..'..#4..#
###'#####'#__####...+
##..#...#.#### ####
_####..##.#
____##'#_.+
.∩...'..._#
..__##_.#+# ____###+#


You could see a soul eater, an ice devil and a kobold demonologist.

Vanquished Creatures
  A kobold demonologist (D)
  A slime creature (D)
  Sigmund (D)
  A yak (D)
  A floating eye (D)
  An ogre (D)
  A jelly (D)
  Ijyb (D)
8 creatures vanquished.

Notes
Turn   | Place    | Note
-------+----------+-------------------------------------------
     0 | D        | Jannitor the Demonspawn Berserker began the quest for the Orb.
     0 | D        | Reached XP level 1. HP: 18/18 MP: 1/1
     1 | D        | Noticed Ijyb
    11 | D        | Killed Ijyb
    11 | D        | Reached skill level 4 in Fighting
    11 | D        | Gained mutation: You are immune to rotting. [demonic ancestry]
    11 | D        | Reached XP level 2. HP: 25/25 MP: 2/2
    68 | D        | Noticed an ogre
    74 | D        | Killed an ogre
    74 | D        | Reached skill level 5 in Fighting
    74 | D        | Gained mutation: Your flesh is cold resistant. (rC+) [demonic ancestry]
    74 | D        | Reached XP level 3. HP: 33/33 MP: 3/3
    74 | D        | Gained mutation: You are partially covered in yellow scales. (AC +2) [demonic ancestry]
    74 | D        | Reached XP level 4. HP: 39/39 MP: 4/4
   138 | D        | Noticed Sigmund
   148 | D        | Killed Sigmund
   148 | D        | Reached ** piety under Trog
   148 | D        | Reached skill level 6 in Fighting
   148 | D        | Reached skill level 5 in Armour
   148 | D        | Reached skill level 5 in Dodging
   148 | D        | Gained mutation: You have sharp fingernails. [demonic ancestry]
   148 | D        | Reached XP level 5. HP: 47/47 MP: 5/5
   187 | D        | Found a deep blue altar of Sif Muna.
   188 | D        | Found an ornate altar of the Wu Jian Council.
   189 | D        | Found a radiant altar of Vehumet.
   193 | D        | Reached skill level 7 in Fighting
   193 | D        | Reached XP level 6. HP: 55/55 MP: 6/6
   229 | D        | Found Cangoxoch's Distillery.
   229 | D        | Found an ancient bone altar of Kikubaaqudgha.
   229 | D        | Found a hazy altar of Hepliaklqana.
   229 | D        | Found a stormy altar of Qazlal.
   229 | D        | Found a hide-covered altar of Uskayaw.
   229 | D        | Found a blossoming altar of Fedhas.
   229 | D        | Found a bloodstained altar of Trog.
   229 | D        | Found an iron altar of Okawaru.
   229 | D        | Found a basalt altar of Yredelemnul.
   229 | D        | Found a glowing golden altar of the Shining One.
   229 | D        | Found a snail-covered altar of Cheibriados.
   229 | D        | Found a sacrificial altar of Ru.
   229 | D        | Found a glowing silver altar of Zin.
   229 | D        | Found a shadowy altar of Dithmenos.
   229 | D        | Found a white marble altar of Elyvilon.
   229 | D        | Noticed a yak
   235 | D        | Killed a yak
   236 | D        | Found an opulent altar of Gozag.
   288 | D        | Found a sparkling altar of Nemelex Xobeh.
   292 | D        | Bought a potion of agility for 56 gold pieces
   292 | D        | Bought a potion of heal wounds for 70 gold pieces
   292 | D        | Bought a potion of resistance for 140 gold pieces
   302 | D        | Found a viscous altar of Jiyva.
   302 | D        | Found a corrupted altar of Lugonu.
   302 | D        | Noticed a slime creature
   303 | D        | Found a burning altar of Makhleb.
   303 | D        | Found a shimmering altar of Xom.
   316 | D        | Killed a slime creature
   316 | D        | Reached *** piety under Trog
   316 | D        | Reached skill level 8 in Fighting
   316 | D        | Gained mutation: You may emit foul miasma when damaged in melee. [demonic ancestry]
   316 | D        | Reached XP level 7. HP: 13/63 MP: 7/7
   581 | D        | Noticed a kobold demonologist
   582 | D        | Noticed a kobold demonologist
   583 | D        | Paralysed by a floating eye for 2 turns
   587 | D        | Noticed a chaos spawn
   595 | D        | Noticed a soul eater
   596 | D        | Noticed an ice devil
   598 | D        | Noticed a chaos spawn
   599 | D        | Noticed a rust devil
   601 | D        | Killed a kobold demonologist
   601 | D        | Reached skill level 9 in Fighting
   615 | D        | HP: 3/64 [soul eater[a kobold demonologist] (11)]
   617 | D        | Slain by an ice devil

Skill      XL: |  1  2  3  4  5  6  7 |
---------------+----------------------+-----
Fighting       | 4 5 6 7 8 9 |  9.3
Maces & Flails | 3 4 6 7 8 |  8.5
Armour         | 3 4 5 6 7 8 |  8.2
Dodging        | 3 4 5 6 7 8 |  8.2

Action                   |  1- 3 |  4- 6 |  7- 9 || total
-------------------------+-------+-------+-------++-------
Melee: Unarmed           |     7 |       |       ||     7
       Mace              |     4 |    27 |    32 ||    63
Invok: Berserk           |     2 |     4 |     1 ||     7
  Use: Potion            |       |       |     1 ||     1
  Eat: Ration            |       |     1 |       ||     1
       Chunk             |       |     1 |       ||     1
Armor: Ring mail         |       |     3 |    13 ||    16
Dodge: Dodged            |     3 |    10 |    29 ||    42
